 Dungeon Crawl Stone Soup version 0.28.0-53-g5a82cb258f (webtiles) character file.

Game seed: 10994636982756618446

71 quokkamancerX the Chopper (level 4, -1/35 HPs)
             Began as a Demonspawn Berserker on June 26, 2022.
             Was a Follower of Trog.
             Slain by a gnoll
             ... wielding a +0 club
              (7 damage)
             ... on level 2 of the Dungeon.
             The game lasted 00:01:57 (880 turns).

quokkamancerX the Chopper (Demonspawn Berserker)     Turns: 880, Time: 00:01:58

Health: -1/35      AC:  4    Str: 19    XL:     4   Next: 5%
Magic:  4/4        EV: 12    Int:  9    God:    Trog [*.....]
Gold:   26         SH:  0    Dex: 12    Spells: 3/3 levels left

rFire   . . .      SeeInvis .   a - +0 hand axe
rCold   . . .      Faith    .   (no shield)
rNeg    . . .      Spirit   .   b - +0 animal skin
rPois   .          Reflect  .   (no helmet)
rElec   .          Harm     .   e - +1 cloak
rCorr   .          Rampage  .   (no gloves)
Will    .....                   (no boots)
Stlth   +.........              (no amulet)
HPRegen 0.11/turn               (no ring)
MPRegen 0.09/turn               (no ring)

@: no status effects
A: demonic guardian 2, foul stench 1
a: Renounce Religion, Berserk


You were on level 2 of the Dungeon.
You worshipped Trog.
Trog was aware of your devotion.
You visited 1 branch of the dungeon, and saw 2 of its levels.

You collected 26 gold pieces.

Inventory:

Hand Weapons
 a - a +0 hand axe (weapon)
Missiles
 c - 6 boomerangs (quivered)
Armour
 b - a +0 animal skin (worn)
 e - a +1 cloak (worn)
Scrolls
 f - a scroll of identify {unknown}
 g - a scroll of amnesia {unknown}
 h - a scroll of teleportation {unknown}
Potions
 d - a potion of curing {unknown}
 i - a potion of mutation {unknown}


   Skills:
 - Level 3.0 Fighting
 + Level 4.5 Axes
 - Level 1.7 Armour
 - Level 1.7 Dodging


You had 3 spell levels left.
You didn't know any spells.
Your spell library was empty.

Dungeon Overview and Level Annotations

Branches:
Dungeon (2/15)

Altars:


Innate Abilities, Weirdness & Mutations

A demonic guardian rushes to your aid.
You may rarely emit foul miasma when damaged in melee.


Message History

Search for what [? for help]? armour Unknown command.
There is a stone staircase leading down here.
You climb downwards.
There is a stone staircase leading up here.
You hit the gnoll but do no damage. You hit the gnoll.
The gnoll hits you with a +0 spear. The gnoll hits you with a +0 club.
The gnoll misses you.
You fail to use your ability.
The gnoll hits you with a +0 flail.
A demonic guardian appears!
The gnoll closely misses you. x2
You hit the gnoll.
The gnoll is moderately wounded.
You hit the gnoll but do no damage. You hit the gnoll.
The gnoll hits you with a +0 flail. The gnoll hits you but does no damage.
The gnoll hits you with a +0 spear.
Your rust devil hits the gnoll.
Your rust devil corrodes the gnoll!
You hit the gnoll.
You kill the gnoll!
Trog accepts your kill.
You closely miss the gnoll. x2; The gnoll misses you.
The gnoll barely misses you.
You slash the gnoll!
The gnoll is severely wounded.
You hit the gnoll but do no damage. The gnoll hits you with a +0 flail!
* * * LOW HITPOINT WARNING * * *
The gnoll closely misses you.
Your rust devil hits the gnoll!
Your rust devil corrodes the gnoll!
You barely miss the gnoll.
The gnoll is severely wounded.
You hit the gnoll.
You kill the gnoll!
Trog accepts your kill. The gnoll barely misses you.
You have reached level 4!
You feel clever.
Your demonic ancestry asserts itself...
You begin to emit a foul stench of rot and decay.
You completely miss the gnoll.
The gnoll is severely wounded.
The gnoll hits you with a +0 club!
You die...

# ...
...$.#####
#...<.###
#####@..###.
#.#
..##........#
## #.........
#.........


You could see a gnoll (ally target) and a friendly rust devil (summoned).

Vanquished Creatures
  A gnoll shaman (D:1)
  3 gnolls
  2 giant cockroaches
  2 goblins (D:1)
  A hobgoblin (D:1)
  A quokka (D:1)
  A ball python (D:2)
  2 bats (D:1)
  A rat (D:1)
14 creatures vanquished.

Notes
Turn   | Place    | Note
-------+----------+-------------------------------------------
     0 | D:1      | quokkamancerX the Demonspawn Berserker began the quest for
                  | the Orb.
     0 | D:1      | Reached XP level 1. HP: 18/18 MP: 1/1
   215 | D:1      | Reached skill level 3 in Axes
   552 | D:1      | Gained mutation: A weak demonic guardian rushes to your
                  | aid. [demonic ancestry]
   552 | D:1      | Reached XP level 2. HP: 24/24 MP: 2/2
   711 | D:1      | Reached skill level 4 in Axes
   711 | D:1      | Gained mutation: A demonic guardian rushes to your aid.
                  | [demonic ancestry]
   711 | D:1      | Reached XP level 3. HP: 25/29 MP: 3/3
   880 | D:2      | Gained mutation: You may rarely emit foul miasma when
                  | damaged in melee. [demonic ancestry]
   880 | D:2      | Reached XP level 4. HP: 6/35 MP: 4/4
   880 | D:2      | Slain by a gnoll

Illustrated notes

Levels and vault maps discovered:
D:1:      shiori_arrival_elements, layout_basic
D:2:      layout_rooms, shapermc_ecumenical_altar_petra

Skill      XL: |  1  2 |
---------------+-------+-----
Axes           | 3 4 |  4.5
Fighting       | |  3.0
Armour         | |  1.7
Dodging        | |  1.7

Action                   |  1- 3 |  4- 6 || total
-------------------------+-------+-------++-------
Melee: Hand axe          |    30 |     1 ||    31
       Punch             |     1 |       ||     1
Invok: Berserk           |     1 |       ||     1
Armor: Animal skin       |    11 |       ||    11
Dodge: Dodged            |    20 |       ||    20
